[Event "MCCT Oslo Esports Cup 2022"]
[Site "Oslo"]
[Date "2022.04.20"]
[Round "7.3"]
[White "Le, Quang Liem"]
[Black "Van Foreest, Jorden"]
[Result "1/2-1/2"]
[ECO "D19"]
[WhiteElo "2709"]
[BlackElo "2714"]
[Annotator "TA"]
[PlyCount "120"]
[EventDate "2022.04.14"]
[EventType "tourn"]
[EventCountry "NOR"]
[SourceTitle "playchess.com"]
[Source "ChessBase"]
[SourceQuality "1"]
[TimeControl "900+10"]

1. d4 d5 2. c4 c6 3. Nf3 Nf6 4. Nc3 dxc4 5. a4 Bf5 6. e3 e6 7. Bxc4 Bb4 8. O-O h6 9. Qe2 O-O 10. e4 Bg6 11. Bd3 Nbd7 12. Rd1 Re8 {[%emt 0:00:46] D19: Slav Defence: 5 a4 Bf5 6 e3: Main line with 9 Qe2.} (12... Bh5 {with more complications.} 13. e5 Nd5 14. Qe4 f5) 13. Bf4 Rc8 14. h3 Qa5 {[%emt 0:00:17] White has an edge.} 15. Nd2 {[%emt 0:03:22] [#]} Qd8 $146 ({Predecessor:} 15... Nh5 16. Bh2 Qg5 17. Nf3 Nf4 18. Bxf4 Qxf4 19. e5 Bh5 20. Be4 f5 21. g3 Bxf3 22. Bxf3 Qg5 23. a5 {½-½ (23) Henrichs,T (2481)-Paehtz,E (2420) Bad Woerishofen 2008}) 16. Nc4 Nf8 17. a5 Bh5 (17... Qxd4 $2 18. Bc2 Bxc3 19. Rxd4 Bxd4 20. Nd6 $18) 18. g4 Bg6 19. Na4 (19. Bg3 $142) 19... Qe7 $16 (19... Qxd4 $2 20. Bb1 e5 21. Rxd4 $18) 20. Nc5 {[%emt 0:00:31] Threatens to win with Bd6.} Red8 {[%emt 0:00:06] Inhibits Bd6.} 21. Qe3 {[%emt 0:00:48] White is much more active.} Rxd4 22. Qxd4 Bxc5 {[%emt 0:00:02] [#]} 23. Bd6 $1 Bxd4 24. Bxe7 e5 25. Nd6 Rc7 26. Bxf6 gxf6 27. Bc4 Ne6 28. Ne8 Re7 29. Nxf6+ Kg7 30. Bxe6 Kxf6 31. Bf5 Bxf5 32. gxf5 {[%emt 0:00:00][%mdl 4096] Endgame KRR-KRB} (32. exf5 $142 h5 33. Rd2 (33. gxh5 Kxf5 34. Ra3 Kg5 $16)) 32... Kg5 (32... Bxb2 $142 33. h4 Bd4) 33. Ra3 c5 (33... Kf4 $16) 34. Rg3+ $18 Kf6 35. Rc1 b5 36. axb6 axb6 37. Rb3 Rb7 38. Ra1 ({White should try} 38. h4) 38... b5 $2 (38... c4 $16 39. Rb5 Kg5) 39. Ra6+ $2 (39. Rg3 $18 {Strongly threatening Ra6+.} Rb6 40. Rg8) 39... Kg5 $11 40. Rf3 Bxb2 41. f6 {[%emt 0:00:02] Ra8 is the strong threat.} c4 $2 (41... b4 $11) 42. Ra8 $18 Bc1 {[%emt 0:00:37] [#]} 43. Rg8+ $2 ({White has to play} 43. Rf5+ $1 $18 Kh4 44. Rg8 (44. Rxe5 Kxh3 45. Re7 Rb6 $18)) 43... Kh5 $11 {[%emt 0:00:25] White must now prevent ...b4.} 44. Rf5+ Bg5 $1 45. Rxe5 b4 46. f4 $1 b3 47. Rh8 {[%emt 0:00:07] Threatening mate with Rxg5+.} (47. fxg5 $2 b2 48. Kh2 b1=Q $19) 47... Kg6 {[%emt 0:00:21][%csl LRf4,LRf6] ( -> ...b2)} 48. fxg5 hxg5 {[%emt 0:00:07] Hoping for ...b2.} 49. Rg8+ $1 Kxf6 50. Rgxg5 {[%emt 0:00:34][%mdl 8192] [#]} (50. Rf5+ $11 Ke7 51. Re5+ (51. Rgxg5 $2 c3 $19) (51. Rfxg5 $2 b2 $19) 51... Kf6 52. Rf5+ (52. Rexg5 b2 $17) 52... Ke7 53. Re5+ (53. Rgxg5 $2 c3 $19) (53. Rfxg5 $2 b2 $19) 53... Kf6) 50... b2 $2 ({Better is} 50... c3 $1 $19 51. Ref5+ Ke6) 51. Rgf5+ {[%emt 0:00:13] The position is equal.} Kg7 {[%emt 0:00:12] aiming for ...c3.} (51... Kg6 $5 52. Rf1 (52. Rg5+ $2 Kh6 $19) 52... Ra7 $11) 52. Rf1 $1 ({But not} 52. Rg5+ $2 Kf8 53. Rb5 Rxb5 54. Rxb5 c3 $19) 52... b1=R 53. Rxb1 Rxb1+ {[%emt 0:00:02] KR-KR} 54. Kf2 Rb2+ 55. Ke3 Rb3+ 56. Kd4 Rxh3 57. Kxc4 Kf6 58. Rf5+ Ke6 59. Kd4 Ra3 60. Re5+ Kf6 {[%emt 0:00:02] White used his chance.  Weighted Error Value: White=0.34/Black=0.25 (precise)} 1/2-1/2

[Event "MCCT Oslo Esports Cup 2022"]
[Site "Oslo"]
[Date "2022.04.20"]
[Round "7.3"]
[White "Praggnanandhaa R"]
[Black "Giri, Anish"]
[Result "0-1"]
[ECO "D41"]
[WhiteElo "2624"]
[BlackElo "2773"]
[Annotator "TA"]
[PlyCount "62"]
[EventDate "2022.04.14"]
[EventType "tourn"]
[EventCountry "NOR"]
[SourceTitle "playchess.com"]
[Source "ChessBase"]
[SourceQuality "1"]
[TimeControl "900+10"]

1. d4 Nf6 2. c4 e6 3. Nf3 d5 4. Nc3 c5 5. cxd5 cxd4 6. Qxd4 exd5 7. e4 {[%emt 0:00:01] D41: Queen's Gambit Declined: Semi-Tarrasch with 5 cxd5.} dxe4 {[%emt 0:00:25] seems to push 7...Nc6 aside.} 8. Qxd8+ Kxd8 9. Ng5 {[%emt 0:00:01][%csl LRe4,LRf7] White is slightly better.} Be6 10. a3 {[%emt 0:00:02] Prevents Bb4.} Nbd7 11. g3 {[%emt 0:00:36] [#]} Rc8 $5 $146 {[%emt 0:01:29][%mdl 8] An interesting novelty.} ({Predecessor:} 11... Bc5 12. Nxe6+ fxe6 13. Bg2 Ne5 14. Ke2 Nd3 15. Rd1 Ke7 16. Nxe4 Nxc1+ 17. Raxc1 Nxe4 18. Bxe4 {½-½ (52) Vidit,S (2727)-Le,Q (2709) Kolkata 2021}) 12. Nxe6+ fxe6 13. Bh3 Ke7 14. O-O {[%emt 0:01:21][%mdl 1024] White has compensation.} Kf7 15. Bg2 Rc4 16. Re1 Nc5 17. Be3 Nd3 18. Re2 Bc5 19. Bxc5 Nxc5 20. Nb5 (20. Rd1 $11 {keeps the balance.}) 20... Rd8 $36 {[%emt 0:00:24][%mdl 2048] Keeping White busy.} 21. Nxa7 $2 {[%emt 0:00:02] [#] This costs White the game.} (21. Rae1 $17) 21... Nb3 $1 $19 {[%emt 0:00:14] Black has a decisive advantage.} 22. Rb1 Nd4 {[%emt 0:00:28] Inhibits Nb5. Pair of Knights!} 23. Re3 Ra4 24. Rc1 Rxa7 25. Rc7+ Rd7 26. Rxd7+ Nxd7 27. Rxe4 Nf5 28. Rb4 Nd6 29. h4 Ke7 30. Rg4 g6 31. Rb4 Nf6 {[%emt 0:00:26] Weighted Error Value: White=0.28 (precise) /Black=0.03 (flawless)} 0-1

[Event "MCCT Oslo Esports Cup 2022"]
[Site "Oslo"]
[Date "2022.04.20"]
[Round "7.3"]
[White "Hansen, Eric"]
[Black "Duda, Jan-Krzysztof"]
[Result "1/2-1/2"]
[ECO "C65"]
[WhiteElo "2606"]
[BlackElo "2750"]
[Annotator "TA"]
[PlyCount "171"]
[EventDate "2022.04.14"]
[EventType "tourn"]
[EventCountry "NOR"]
[SourceTitle "playchess.com"]
[Source "ChessBase"]
[SourceQuality "1"]
[TimeControl "900+10"]

1. e4 e5 2. Nf3 Nc6 3. Bb5 Nf6 4. d3 Bc5 5. O-O Nd4 6. Nxd4 Bxd4 7. c3 Bb6 8. Ba4 O-O 9. Bg5 d5 10. Nd2 c6 11. Kh1 h6 12. Bh4 dxe4 13. dxe4 Qe7 14. Qe2 Bc7 15. Bb3 a5 16. a4 Be6 17. Bxe6 Qxe6 18. Bxf6 Qxf6 19. Nc4 Rfd8 20. g3 Qe6 21. Kg2 g6 22. h4 h5 23. Rad1 Kg7 24. Rxd8 Rxd8 25. Rb1 Rd7 26. b3 Qe7 27. Rb2 Kh7 28. Rb1 Kg7 29. Rb2 Kh7 30. b4 axb4 31. Rxb4 Bd6 32. Rb1 Bc5 33. a5 Qe6 34. Rb2 Kg7 35. Nd2 Ba3 36. Rc2 $1 Be7 37. Qc4 Kf6 38. Qa4 Kg7 39. Rb2 g5 40. Qc4 gxh4 41. Qxe6 fxe6 42. Nc4 hxg3 43. fxg3 Bf6 44. Kf2 Kg6 45. Ke2 Kg5 46. Rb1 Kg4 47. Rf1 Bg7 48. Rf3 Kg5 49. Nb6 Rc7 50. Kf2 Kg4 51. Kg2 Re7 52. Rd3 h4 53. gxh4 Kxh4 54. Nd7 Kg4 55. Rg3+ Kf4 (55... Kh5 $11 56. Rh3+ (56. Nc5 Bf8 $11) 56... Kg6) 56. Nc5 $14 Bh6 $1 57. Rg6 Bg5 $1 ({Weaker is} 57... Rh7 58. Kf2 $16) 58. Kf2 Bh4+ (58... Re8 $1 $14) 59. Ke2 $16 Rh7 {[%emt 0:00:02] [#]} 60. Kd3 (60. Rg1 $1 $16) 60... Kf3 (60... Bd8 $5 ) 61. Rxe6 Bd8 $1 62. Rxe5 Bxa5 63. Rf5+ Kg4 64. Ne6 Rd7+ 65. Kc2 Bb6 66. Rf6 Be3 67. c4 b5 68. c5 Rd2+ 69. Kc3 Rf2 70. Rxf2 Bxf2 71. Kd3 Bg1 72. Kc3 Be3 73. Kd3 Bg1 74. Ke2 b4 75. Kd3 b3 76. Kc3 b2 77. Kxb2 Kf3 78. Ng5+ Kf4 79. Nh3+ Kxe4 80. Nxg1 Kd5 81. Kc3 Kxc5 82. Ne2 Kd6 83. Nf4 c5 84. Kc4 Ke5 85. Nd3+ Ke4 86. Nxc5+ 1/2-1/2

[Event "MCCT Oslo Esports Cup 2022"]
[Site "Oslo"]
[Date "2022.04.20"]
[Round "7.4"]
[White "Van Foreest, Jorden"]
[Black "Le, Quang Liem"]
[Result "1/2-1/2"]
[ECO "C82"]
[WhiteElo "2714"]
[BlackElo "2709"]
[Annotator "TA"]
[PlyCount "142"]
[EventDate "2022.04.14"]
[EventType "tourn"]
[EventCountry "NOR"]
[SourceTitle "playchess.com"]
[Source "ChessBase"]
[SourceQuality "1"]
[TimeControl "900+10"]

1. e4 e5 2. Nf3 Nc6 3. Bb5 a6 4. Ba4 Nf6 5. O-O Nxe4 6. d4 b5 7. Bb3 d5 8. dxe5 Be6 9. c3 Bc5 10. Nbd2 O-O 11. Bc2 Nxf2 12. Rxf2 f6 13. exf6 Bxf2+ 14. Kxf2 Qxf6 15. Nf1 Ne5 16. Be3 Rae8 17. Bc5 Nxf3 {[%emt 0:00:22] C82: Open Ruy Lopez: 9 c3 without 9...Be7.} 18. gxf3 {[%emt 0:00:05] The board is on fire.} Rf7 19. Ng3 Bg4 $1 20. Kg1 ({But not} 20. Qxd5 Bxf3 21. Qf5 Qxf5 22. Nxf5 Re2+ 23. Kxf3 Rxc2 $15) 20... Qxf3 21. Qxf3 Rxf3 22. Rf1 {[%emt 0:00:02] [#]} h5 $146 ({Predecessor:} 22... Rxf1+ 23. Kxf1 Re6 24. b4 h5 25. h4 Rf6+ 26. Bf2 c6 27. Ne2 Bf5 28. Bd1 Bh3+ {½-½ (57) Pospisil,L (2481)-Krueger,M (2317) ICCF email 2019}) 23. Rxf3 Bxf3 24. Bg6 (24. Kf2 $5 Bg4 25. h3 Bxh3 26. Nxh5 $14) 24... Re6 25. Bf5 {[%emt 0:00:04] This bishop pair is nice.} Rc6 26. Bd4 Bg4 27. Bxg4 hxg4 28. Nf5 Re6 {[%emt 0:00:05] Inhibits Ne7+.} 29. Ne3 c6 30. Kf2 {[%emt 0:00:07][%mdl 1024] White has compensation.} Re4 31. b4 Rf4+ (31... Kf7 $11) 32. Kg3 $16 Rf3+ 33. Kxg4 (33. Kg2 $1 $16) 33... Rf2 $11 34. h4 Rxa2 35. Nf5 Kf7 {[%emt 0:00:37] Against Ne7} 36. Bxg7 (36. Nd6+ $1 $14 Kf8 37. Nb7) 36... a5 $1 37. bxa5 {[%emt 0:00:02] h5 is the strong threat.} c5 $1 38. h5 Rxa5 39. h6 Kg6 40. Ne7+ Kh7 41. Nxd5 {[%emt 0:00:04] Kg5 would kill now.} Ra1 (41... b4 $1 $11 {remains equal.}) 42. Kf5 Rf1+ 43. Ke4 (43. Ke5 $16) 43... b4 (43... Re1+ $11 44. Ne3 Rh1) 44. c4 $1 $14 {[%emt 0:00:06] aiming for Nf6+.} ({Don't play} 44. cxb4 cxb4 45. Kd3 (45. Nxb4 Rg1 $11) 45... b3 $11) 44... b3 $1 45. Kd3 ({Better is} 45. Nb6 $1 $14) 45... Rf3+ $11 46. Ne3 Rh3 47. Kd2 Kg6 ({Black should play} 47... Rh2+ $11 48. Kc1 Re2) 48. Nd1 $1 $14 Kf5 (48... Kf7 $14) 49. Kc1 $2 ({Only move:} 49. Bf8 $1 $18) 49... Rh2 $11 50. Ne3+ Kg6 $1 51. Kb1 Kh7 $2 (51... Re2 $11 {and Black is okay.}) 52. Nd5 $2 (52. Bf8 $18) 52... Rh4 53. Nb6 {[%emt 0:00:06] And now Kb2 would win.} Rh2 54. Bf8 Rc2 55. Bg7 Kg6 $2 (55... Rh2 $11) 56. Nd7 $1 $18 Kh7 57. Ne5 $2 (57. Nf8+ $1 Kg8 58. Be5 $1 Kxf8 59. h7 Rh2 60. Bxh2 Kg7 61. h8=R Kxh8 62. Bd6) 57... Re2 $11 58. Ng4 {[%emt 0:00:59] Hoping for Nf6+.} Rc2 59. Nf6+ Kg6 60. Nd7 $2 (60. Ne4 $11) 60... Kh7 61. Nb6 $2 (61. Nf8+ $1 {mates} Kg8 62. Be5 $1 Kxf8 63. h7 Rh2 64. Bxh2 Kg7 65. Bg1 Kxh7 66. Bxc5) 61... Kg6 {[%emt 0:00:15] The position is equal.} 62. Bf8 Kh7 63. Bxc5 {[%emt 0:00:35] Threatens to win with Be3.} Kxh6 64. Bd6 Kg6 65. c5 Kf5 66. Nd5 {[%emt 0:00:02] White threatens Ne3+ and mate.} Rd2 {[%emt 0:00:27] [#]} 67. c6 $1 {[%emt 0:00:26] White wants to mate with c7.} Ke6 {[%emt 0:00:16] [#]} (67... Rxd5 $2 {[#]} 68. c7 $1 Rxd6 69. c8=Q+ $18) (67... Rc2 68. Nb4) 68. c7 $1 Rc2 69. Ne3 Kxd6 70. Nxc2 bxc2+ 71. Kxc2 Kxc7 {[%emt 0:00:01] Weighted Error Value: White=0.41/Black=0.38} 1/2-1/2

[Event "MCCT Oslo Esports Cup 2022"]
[Site "Oslo"]
[Date "2022.04.20"]
[Round "7.5"]
[White "Van Foreest, Jorden"]
[Black "Le, Quang Liem"]
[Result "1/2-1/2"]
[ECO "C77"]
[WhiteElo "2714"]
[BlackElo "2709"]
[Annotator "TA"]
[PlyCount "124"]
[EventDate "2022.04.14"]
[EventType "tourn"]
[EventCountry "NOR"]
[SourceTitle "playchess.com"]
[Source "ChessBase"]
[SourceQuality "1"]
[TimeControl "300+3"]

1. e4 e5 2. Nf3 Nc6 3. Bb5 a6 4. Ba4 Nf6 5. d3 Bc5 6. c3 (6. Bxc6 $5 dxc6 7. O-O $11) 6... O-O {[%emt 0:00:12] C77: Ruy Lopez: 3...a6 4 Ba4 Nf6, unusual lines.} 7. Nbd2 d6 8. O-O Ba7 (8... b5 $5 9. Bc2 a5 $11) 9. h3 Ne7 10. d4 Ng6 11. Re1 b5 12. Bc2 c5 13. a4 Bd7 14. Nf1 cxd4 15. cxd4 exd4 16. Nxd4 Re8 {[%emt 0:00:01] [#]} 17. Ng3 $146 ({Predecessor:} 17. Nf5 d5 18. Be3 dxe4 19. Nd6 Re5 20. Bxa7 Rxa7 21. Nxe4 Qe7 22. Nxf6+ Qxf6 23. Rxe5 Qxe5 24. axb5 {½-½ (24) Firnhaber,I (2399)-Cvak,R (2298) LSS email 2017}) 17... d5 18. axb5 axb5 19. Be3 dxe4 20. Rxa7 Rxa7 21. Nc6 {[%emt 0:00:00] [#]} Bxc6 22. Qxd8 Rxd8 23. Bxa7 Nf4 24. Bb6 ({Much weaker is} 24. Nxe4 Nxe4 25. Bxe4 Re8 $17) 24... Re8 25. Bd4 Nd3 26. Re3 Nd5 {[%emt 0:00:15] Pair of Knights!} 27. Rxe4 Rxe4 28. Nxe4 N5b4 29. Bxd3 Nxd3 $11 {[%emt 0:00:00][%mdl 4096] Endgame KBN-KBN} 30. Nd6 Nf4 {[%emt 0:00:18] Threatens to win with ...Ne2+.} 31. Be5 Nd3 32. Bd4 f6 33. f3 Kf8 34. Kf1 Ke7 35. Nf5+ Kf7 36. Ke2 Nf4+ 37. Kf2 Bd7 38. Ng3 Ke6 39. Ne2 {[%emt 0:00:01] [#]} Kd5 $1 {[%emt 0:00:20] White must now prevent ...Nxe2.} 40. Bc3 Ne6 41. Ke3 Kc4 42. Nf4 b4 43. Bd2 Nc5 44. Nh5 Ne6 45. Nf4 Nc7 46. g4 {[%emt 0:00:06] The position is equal.} g5 47. Nd3 Nd5+ 48. Ke2 Bb5 49. Nc1 Kd4+ 50. Kf2 Bc4 51. Kg3 h6 52. h4 b3 53. hxg5 hxg5 54. f4 gxf4+ 55. Bxf4 Ne3 (55... Ke4 $5 56. Bd2 Nb6 $11) 56. g5 fxg5 57. Bxg5 Ke4 58. Bxe3 Kxe3 59. Nxb3 Bxb3 60. Kh4 Kd3 61. Kg5 Kc2 62. Kh4 Kxb2 {[%emt 0:00:00] A balanced but interesting game.  Weighted Error Value: White=0.03 (flawless) /Black=0.04 (flawless)} 1/2-1/2

[Event "MCCT Oslo Esports Cup 2022"]
[Site "Oslo"]
[Date "2022.04.20"]
[Round "7.6"]
[White "Le, Quang Liem"]
[Black "Van Foreest, Jorden"]
[Result "1-0"]
[ECO "D16"]
[WhiteElo "2709"]
[BlackElo "2714"]
[Annotator "TA"]
[PlyCount "49"]
[EventDate "2022.04.14"]
[EventType "tourn"]
[EventCountry "NOR"]
[SourceTitle "playchess.com"]
[Source "ChessBase"]
[SourceQuality "1"]
[TimeControl "300+3"]

1. d4 d5 2. c4 c6 3. Nf3 Nf6 4. Nc3 dxc4 5. a4 e6 6. e3 c5 7. Bxc4 Nc6 {[%emt 0:00:00] 7...cxd4 injects fresh life into this line. D16: Slav Defence: 5 a4: Lines with 5...Bg4 and 5...Na6.} 8. O-O Be7 {[%emt 0:00:01] [#]} 9. Qc2 $146 ({Predecessor:} 9. Qe2 O-O 10. Rd1 Qc7 11. Bd2 Rd8 12. Nb5 Qb8 13. dxc5 Bxc5 14. Rac1 Bd7 15. Bxe6 Bxe6 16. Rxc5 {½-½ (31) Nguyen,T (2588)-Esipenko,A (2716) Krasnaya Polyana 2021}) 9... O-O {[%emt 0:00:03] The position is equal.} 10. Rd1 Bd7 11. dxc5 Bxc5 12. b3 Qe7 13. Bb2 Rfd8 14. Ne4 Nxe4 15. Qxe4 Be8 ({Better is} 15... Na5 $11) 16. Qg4 g6 17. Ng5 h5 ({Black should play} 17... Rxd1+ $14 18. Rxd1 Bd6) 18. Qg3 $1 $40 {[%emt 0:00:18][%mdl 128] Ne4 is the strong threat. White goes for the king. White is much more active.} Rxd1+ 19. Rxd1 {[%emt 0:00:00] Hoping for Ne4.} Rd8 20. Rf1 {[%emt 0:00:06] And now Ne4 would win.} Bd6 (20... Ba3 $16 21. Ba1 Qf8) 21. f4 $18 {[%emt 0:00:03] Strongly threatening Ne4.} Ba3 $2 (21... Qf8 {is a better chance.} 22. Ne4 Qh6 23. Nxd6 Rxd6) 22. Ba1 (22. Bxa3 $142 Qxa3 23. f5) 22... Nb8 $2 (22... Na5 $2 23. Ne4 Bc6 24. f5 $1 (24. Bf6 Nxc4 25. Bxe7 Bxe7 $16) 24... Bxe4 25. Qe5) (22... Rd2 23. Ne4 Rb2 24. Bxb2 Bxb2) 23. f5 Bd6 24. fxe6 ({Not} 24. f6 Qc7 25. Qh4 Nc6 $16) (24. Qf2 $142 exf5 {[#]} 25. Qb2 $1 Qxe3+ 26. Kh1) 24... f6 $2 {[%emt 0:01:01] [#]} (24... Bxg3 25. exf7+ Bxf7 26. Bxf7+ Qxf7 27. Nxf7 Bf2+ 28. Kxf2 Rf8) 25. Bxf6 $1 {[%emt 0:00:07][%mdl 512] Weighted Error Value: White=0.52/Black=0.57} 1-0